| TOP OF THE 1ST |
|
Niagara Falls Rapids batting - Pitching for Newark Black Sox : RHP Benito Malave
|
|
Pitching: RHP Benito Malave
|
|
|
Batting: LHB John Gibbons
|
0-0: Called Strike 0-1: Ball 1-1: Foul Ball, location: 2F 1-2: Ball 2-2: Foul Ball, location: 2F 2-2: Fly out, F6 (Popup, P, EV 78.1 MPH)
|
|
Batting: LHB Joe Vavra
|
0-0: Foul Ball, location: 2F 0-1: Ball 1-1: Ball 2-1: Swinging Strike 2-2: Strikes out looking
|
|
Batting: LHB John Rubel
|
0-0: Ball 1-0: Ball 2-0: Fly out, F8 (Flyball, 8RM, EV 92.5 MPH)
|
| Top of the 1st over - 0 runs, 0 hits, 0 errors, 0 left on base; Niagara Falls 0 - Newark 0 |
| BOTTOM OF THE 1ST |
|
Newark Black Sox batting - Pitching for Niagara Falls Rapids : RHP Mark Lepson
|
|
Pitching: RHP Mark Lepson
|
|
|
Batting: RHB Orlando Amaris
|
0-0: Called Strike 0-1: Ball 1-1: Ball 2-1: Foul Ball, location: 2F 2-2: Foul Ball, location: 2F 2-2: Foul Ball, location: 2F 2-2: Foul Ball, location: 2F 2-2: Foul Ball, location: 2F 2-2: Ground out 6-3 (Groundball, 56, EV 91.9 MPH)
|
|
Batting: RHB Ellis Burks
|
0-0: Swinging Strike 0-1: Swinging Strike 0-2: Ball 1-2: Ball 2-2: Ball 3-2: Base on Balls
|
|
Batting: RHB Moises Acosta
|
0-0: Ball Ellis Burks steals 2nd base (no throw) 1-0: Fly out, F8 (Flyball, 8LD, EV 108.1 MPH)
|
|
Batting: RHB Adrien Perkins
|
0-0: Ball 1-0: Ball 2-0: Ground out 4-3 (Groundball, 13, EV 79.4 MPH)
|
| Bottom of the 1st over - 0 runs, 0 hits, 0 errors, 1 left on base; Niagara Falls 0 - Newark 0 |
| TOP OF THE 2ND |
|
Niagara Falls Rapids batting - Pitching for Newark Black Sox : RHP Benito Malave
|
|
Batting: LHB Thomas Krupa
|
0-0: SINGLE (Flyball, 7LS, EV 97.5 MPH)
|
|
Batting: LHB Brad Winkler
|
0-0: Ball 1-0: Ball 2-0: Ball 3-0: Called Strike 3-1: Fielders Choice at 2nd, 6-4 (Groundball, 6, EV 83.8 MPH)
|
|
Batting: LHB Eric Brock
|
0-0: Ball 1-0: Foul Ball, location: 2F 1-1: Ball 2-1: Ball 3-1: Foul Ball, location: 2F 3-2: Foul Ball, location: 2F 3-2: Base on Balls Brad Winkler to second
|
|
Batting: RHB Robert O'Connor
|
0-0: Ball 1-0: Fly out, F9 (Flyball, 9LS, EV 86.9 MPH)
|
|
Batting: RHB Jeff Schaefer
|
0-0: Called Strike 0-1: Ball 1-1: Foul Ball, location: 2F 1-2: Ground out 4-3 (Groundball, 13, EV 83.1 MPH)
|
| Top of the 2nd over - 0 runs, 1 hit, 0 errors, 2 left on base; Niagara Falls 0 - Newark 0 |
| BOTTOM OF THE 2ND |
|
Newark Black Sox batting - Pitching for Niagara Falls Rapids : RHP Mark Lepson
|
|
Batting: RHB Ignacio Velasquez
|
0-0: Foul Ball, location: 2F 0-1: Ball 1-1: Swinging Strike 1-2: Ball 2-2: Foul Ball, location: 2F 2-2: Strikes out swinging
|
|
Batting: RHB Jerry Bendorf
|
0-0: Ball 1-0: Foul Ball, location: 2F 1-1: Swinging Strike 1-2: Fly out, F8 (Flyball, 8RD, EV 94.4 MPH)
|
|
Batting: RHB Henry Hubbard
|
0-0: Ball 1-0: Called Strike 1-1: Ground out 5-3 (Groundball, 56, EV 85.0 MPH)
|
| Bottom of the 2nd over - 0 runs, 0 hits, 0 errors, 0 left on base; Niagara Falls 0 - Newark 0 |
| TOP OF THE 3RD |
|
Niagara Falls Rapids batting - Pitching for Newark Black Sox : RHP Benito Malave
|
|
Batting: RHB Mark Krynitsky
|
0-0: Ball 1-0: Ball 2-0: Called Strike 2-1: Fly out, F9 (Line Drive, 9D, EV 101.3 MPH)
|
|
Batting: LHB John Gibbons
|
0-0: Ball 1-0: Called Strike 1-1: Swinging Strike 1-2: Ball 2-2: Strikes out swinging
|
|
Batting: LHB Joe Vavra
|
0-0: Foul Ball, location: 2F 0-1: Ball 1-1: Foul Ball, location: 2F 1-2: Ball 2-2: Foul Ball, location: 2F 2-2: Fly out, F7 (Flyball, 7LM, EV 96.3 MPH)
|
| Top of the 3rd over - 0 runs, 0 hits, 0 errors, 0 left on base; Niagara Falls 0 - Newark 0 |
| BOTTOM OF THE 3RD |
|
Newark Black Sox batting - Pitching for Niagara Falls Rapids : RHP Mark Lepson
|
|
Batting: RHB Danny Griffin
|
0-0: Ball 1-0: Fly out, F6 (Popup, 6M, EV 54.4 MPH)
|
|
Batting: RHB Orlando Gonzalez
|
0-0: Ground out 6-3 (Groundball, 56, EV 103.8 MPH)
|
|
Batting: RHB Orlando Amaris
|
0-0: Ball 1-0: Ground out 5-3 (Groundball, 56, EV 105.6 MPH)
|
| Bottom of the 3rd over - 0 runs, 0 hits, 0 errors, 0 left on base; Niagara Falls 0 - Newark 0 |
| TOP OF THE 4TH |
|
Niagara Falls Rapids batting - Pitching for Newark Black Sox : RHP Benito Malave
|
|
Batting: LHB John Rubel
|
0-0: Ball 1-0: Fly out, F9 (Flyball, 9D, EV 80.0 MPH)
|
|
Batting: LHB Thomas Krupa
|
0-0: Ball 1-0: Swinging Strike 1-1: Ball 2-1: Ground out 4-3 (Groundball, 4, EV 103.8 MPH)
|
|
Batting: LHB Brad Winkler
|
0-0: Called Strike 0-1: Ball 1-1: Fly out, F7 (Flyball, 7D, EV 87.5 MPH)
|
| Top of the 4th over - 0 runs, 0 hits, 0 errors, 0 left on base; Niagara Falls 0 - Newark 0 |
| BOTTOM OF THE 4TH |
|
Newark Black Sox batting - Pitching for Niagara Falls Rapids : RHP Mark Lepson
|
|
Batting: RHB Ellis Burks
|
0-0: Ball 1-0: Ball 2-0: Ground out 6-3 (Groundball, 6S, EV 85.0 MPH)
|
|
Batting: RHB Moises Acosta
|
0-0: Fly out, F3 (Popup, 3F, EV 64.4 MPH)
|
|
Batting: RHB Adrien Perkins
|
0-0: Ball 1-0: Ground out 4-3 (Groundball, 4, EV 76.9 MPH)
|
| Bottom of the 4th over - 0 runs, 0 hits, 0 errors, 0 left on base; Niagara Falls 0 - Newark 0 |
| TOP OF THE 5TH |
|
Niagara Falls Rapids batting - Pitching for Newark Black Sox : RHP Benito Malave
|
|
Batting: LHB Eric Brock
|
0-0: Foul Ball, location: 2F 0-1: Called Strike 0-2: Ball 1-2: Strikes out looking
|
|
Batting: RHB Robert O'Connor
|
0-0: Called Strike 0-1: Fly out, F9 (Flyball, 89S, EV 93.1 MPH)
|
|
Batting: RHB Jeff Schaefer
|
0-0: SINGLE (Groundball, 25, EV 66.9 MPH) (infield hit)
|
|
Batting: RHB Mark Krynitsky
|
0-0: Ball 1-0: Ball 2-0: Swinging Strike 2-1: Called Strike 2-2: Foul Ball, location: 2F 2-2: Foul Ball, location: 2F 2-2: Ball 3-2: Strikes out swinging
|
| Top of the 5th over - 0 runs, 1 hit, 0 errors, 1 left on base; Niagara Falls 0 - Newark 0 |
| BOTTOM OF THE 5TH |
|
Newark Black Sox batting - Pitching for Niagara Falls Rapids : RHP Mark Lepson
|
|
Batting: RHB Ignacio Velasquez
|
0-0: Foul Ball, location: 2F 0-1: Swinging Strike 0-2: Ground out 1-3 (Groundball, 34S, EV 69.4 MPH)
|
|
Batting: RHB Jerry Bendorf
|
0-0: Foul Ball, location: 2F 0-1: Ball 1-1: DOUBLE (Line Drive, 89D, EV 110.0 MPH)
|
|
Batting: RHB Henry Hubbard
|
0-0: Ground out 6-3 (Groundball, 6, EV 98.8 MPH)
|
|
Batting: RHB Danny Griffin
|
0-0: Ball 1-0: Fly out, F7 (Flyball, 78D, EV 95.6 MPH)
|
| Bottom of the 5th over - 0 runs, 1 hit, 0 errors, 1 left on base; Niagara Falls 0 - Newark 0 |
| TOP OF THE 6TH |
|
Niagara Falls Rapids batting - Pitching for Newark Black Sox : RHP Benito Malave
|
|
Batting: LHB John Gibbons
|
0-0: Ball 1-0: SINGLE (Groundball, 4S, EV 68.1 MPH) (infield hit)
|
|
Batting: LHB Joe Vavra
|
0-0: Ball 1-0: Ball 2-0: Foul Ball, location: 2F 2-1: Swinging Strike 2-2: Foul Ball, location: 2F 2-2: Ball 3-2: Fielders Choice at 2nd, 4-6 (Groundball, 4, EV 100.6 MPH)
|
|
Batting: LHB John Rubel
|
0-0: Foul Ball, location: 2F 0-1: Foul Ball, location: 2F 0-2: Strikes out looking
|
|
Batting: LHB Thomas Krupa
|
0-0: Swinging Strike 0-1: Ball 1-1: Ball 2-1: Foul Ball, location: 2F 2-2: Ball 3-2: Foul Ball, location: 2F 3-2: Foul Ball, location: 2F 3-2: Base on Balls Joe Vavra to second
|
|
Batting: LHB Brad Winkler
|
0-0: Called Strike 0-1: Foul Ball, location: 2F 0-2: Fly out, F7 (Flyball, 78M, EV 93.8 MPH)
|
| Top of the 6th over - 0 runs, 1 hit, 0 errors, 2 left on base; Niagara Falls 0 - Newark 0 |
| BOTTOM OF THE 6TH |
|
Newark Black Sox batting - Pitching for Niagara Falls Rapids : RHP Mark Lepson
|
|
Batting: RHB Orlando Gonzalez
|
0-0: Ball 1-0: Foul Ball, location: 2F 1-1: Fly out, F8 (Flyball, 78D, EV 98.1 MPH)
|
|
Batting: RHB Orlando Amaris
|
0-0: Fly out, F8 (Line Drive, 8LD, EV 88.8 MPH)
|
|
Batting: RHB Ellis Burks
|
0-0: Called Strike 0-1: Ball 1-1: Fly out, F9 (Line Drive, 9, EV 95.0 MPH)
|
| Bottom of the 6th over - 0 runs, 0 hits, 0 errors, 0 left on base; Niagara Falls 0 - Newark 0 |
| TOP OF THE 7TH |
|
Niagara Falls Rapids batting - Pitching for Newark Black Sox : RHP Benito Malave
|
|
Batting: LHB Eric Brock
|
0-0: Foul Ball, location: 2F 0-1: DOUBLE (Line Drive, 9LS, EV 106.3 MPH)
|
|
Batting: RHB Robert O'Connor
|
0-0: Ground out 1-3 (Groundball, 34S, EV 70.6 MPH) Eric Brock to third
|
|
Batting: RHB Jeff Schaefer
|
0-0: Called Strike 0-1: Called Strike 0-2: Foul Ball, location: 2F 0-2: Ball 1-2: Foul Ball, location: 2F 1-2: Fly out, F7 (Line Drive, 7D, EV 91.3 MPH) Runner from 3rd tags up, SCORES, no throw by LF
|
|
Batting: RHB Mark Krynitsky
|
0-0: Swinging Strike 0-1: Foul Ball, location: 2F 0-2: Strikes out swinging
|
| Top of the 7th over - 1 run, 1 hit, 0 errors, 0 left on base; Niagara Falls 1 - Newark 0 |
| BOTTOM OF THE 7TH |
|
Newark Black Sox batting - Pitching for Niagara Falls Rapids : RHP Mark Lepson
|
|
Batting: RHB Moises Acosta
|
0-0: Ball 1-0: Ball 2-0: Called Strike 2-1: Called Strike 2-2: Fly out, F3 (Popup, 3S, EV 82.5 MPH)
|
|
Batting: RHB Adrien Perkins
|
0-0: Ball 1-0: Called Strike 1-1: Foul Ball, location: 2F 1-2: Ball 2-2: Ball 3-2: SINGLE (Flyball, 8RS, EV 85.6 MPH)
|
|
Batting: RHB Ignacio Velasquez
|
0-0: SINGLE (Flyball, 4D, EV 95.0 MPH) Adrien Perkins to second
|
|
Batting: RHB Jerry Bendorf
|
0-0: Called Strike 0-1: Ball 1-1: Foul Ball, location: 2F 1-2: SINGLE (Line Drive, 9LS, EV 88.8 MPH) Adrien Perkins to third Ignacio Velasquez to second Runner from 3rd tries for Home, SAFE, throw by RF to home
|
|
Pinch Runner at 2nd Kirk Aadland:
|
|
|
Batting: RHB Henry Hubbard
|
0-0: Called Strike 0-1: Foul Ball, location: 2F 0-2: DOUBLE (Line Drive, 3D, EV 97.5 MPH) Kirk Aadland scores Jerry Bendorf to third Runner from 3rd tries for Home, SAFE, no throw by RF
|
|
Batting: RHB Danny Griffin
|
0-0: Ball 1-0: Ball 2-0: Foul Ball, location: 2F 2-1: Called Strike 2-2: Ground out 6-3 (Groundball, 6S, EV 79.4 MPH) Henry Hubbard to third
|
|
Batting: RHB Orlando Gonzalez
|
0-0: Ball 1-0: Ground out 4-3 (Groundball, 4, EV 86.9 MPH)
|
| Bottom of the 7th over - 3 runs, 4 hits, 0 errors, 1 left on base; Niagara Falls 1 - Newark 3 |
| TOP OF THE 8TH |
|
Niagara Falls Rapids batting - Pitching for Newark Black Sox : RHP Benito Malave
|
|
Pitching: RHP Jeff Innis
|
|
|
Now at C: Randall Whistler
|
|
|
Batting: LHB John Gibbons
|
0-0: Foul Ball, location: 2F 0-1: Foul Ball, location: 2F 0-2: Strikes out swinging
|
|
Batting: LHB Joe Vavra
|
0-0: Swinging Strike 0-1: Foul Ball, location: 2F 0-2: Ball 1-2: Ball 2-2: Ball 3-2: Base on Balls
|
|
Batting: LHB John Rubel
|
0-0: Ball 1-0: Ball 2-0: Ball 3-0: Called Strike 3-1: Base on Balls Joe Vavra to second
|
|
Batting: LHB Thomas Krupa
|
0-0: Called Strike 0-1: Called Strike 0-2: Ball 1-2: Strikes out swinging
|
|
Batting: LHB Brad Winkler
|
0-0: Foul Ball, location: 2F 0-1: DOUBLE (Line Drive, 78M, EV 106.3 MPH) Joe Vavra scores John Rubel to third Runner from 3rd tries for Home, SAFE, no throw by LF
|
|
Batting: LHB Eric Brock
|
0-0: Foul Ball, location: 2F 0-1: Ball 1-1: Ball Wild Pitch! Brad Winkler to third 2-1: Foul Ball, location: 2F 2-2: Ball 3-2: Foul Ball, location: 2F 3-2: Foul Ball, location: 2F 3-2: 2-RUN HOME RUN (Flyball, 9D, EV 94.4 MPH), Distance : 350 ft
|
|
Pitching: RHP Arthur Martinez
|
|
|
Batting: RHB Robert O'Connor
|
0-0: Ball 1-0: Swinging Strike 1-1: Foul Ball, location: 2F 1-2: Strikes out swinging
|
| Top of the 8th over - 4 runs, 2 hits, 0 errors, 0 left on base; Niagara Falls 5 - Newark 3 |
| BOTTOM OF THE 8TH |
|
Newark Black Sox batting - Pitching for Niagara Falls Rapids : RHP Mark Lepson
|
|
Batting: RHB Orlando Amaris
|
0-0: Called Strike 0-1: Called Strike 0-2: Ball 1-2: Ground out 5-3 (Groundball, 5, EV 80.0 MPH)
|
|
Batting: RHB Ellis Burks
|
0-0: Called Strike 0-1: Called Strike 0-2: Ball 1-2: Ball 2-2: Foul Ball, location: 2F 2-2: Ball 3-2: Fly out, F9 (Flyball, 9LM, EV 76.9 MPH)
|
|
Batting: RHB Moises Acosta
|
0-0: Ball 1-0: DOUBLE (Flyball, 8LXD, EV 100.0 MPH)
|
|
Batting: RHB Adrien Perkins
|
0-0: Ball 1-0: Ball 2-0: Ball 3-0: Base on Balls
|
|
Pinch Runner at 2nd Kirk Downs:
|
|
|
Pinch Hitting: LHB Jerry Schmid
|
0-0: Ball 1-0: DOUBLE (Line Drive, 78M, EV 104.4 MPH) Kirk Downs scores Adrien Perkins to third
|
|
Batting: RHB Jerry Bendorf
|
0-0: Foul Ball, location: 2F 0-1: Foul Ball, location: 2F 0-2: Ball 1-2: Fly out, F8 (Line Drive, 8RM, EV 99.4 MPH)
|
| Bottom of the 8th over - 1 run, 2 hits, 0 errors, 2 left on base; Niagara Falls 5 - Newark 4 |
| TOP OF THE 9TH |
|
Niagara Falls Rapids batting - Pitching for Newark Black Sox : RHP Arthur Martinez
|
|
Now at C: William Nafziger
|
|
|
Now at 3B: Bert Pena
|
|
|
Batting: RHB Jeff Schaefer
|
0-0: Ball 1-0: SINGLE (Groundball, 5D, EV 94.4 MPH)
|
|
Batting: RHB Mark Krynitsky
|
0-0: Ball Jeff Schaefer steals 2nd base 1-0: Foul Ball, location: 2F 1-1: Fly out, F8 (Flyball, 8RM, EV 86.9 MPH)
|
|
Batting: LHB John Gibbons
|
0-0: Fly out, F7 (Flyball, 7, EV 96.9 MPH)
|
|
Batting: LHB Joe Vavra
|
0-0: Called Strike 0-1: Ball 1-1: Swinging Strike 1-2: Foul Ball, location: 2F 1-2: Ball 2-2: Ground out 4-3 (Groundball, 4S, EV 86.9 MPH)
|
| Top of the 9th over - 0 runs, 1 hit, 0 errors, 1 left on base; Niagara Falls 5 - Newark 4 |
| BOTTOM OF THE 9TH |
|
Newark Black Sox batting - Pitching for Niagara Falls Rapids : RHP Mark Lepson
|
|
Pitching: RHP Mario Lopez
|
|
|
Batting: RHB Henry Hubbard
|
0-0: Ball 1-0: SOLO HOME RUN (Flyball, 9D, EV 104.4 MPH), Distance : 355 ft
|
|
Pinch Hitting: RHB Thomas Merkle
|
0-0: Swinging Strike 0-1: Ball 1-1: Called Strike 1-2: Foul Ball, location: 2F 1-2: Ball 2-2: Ball 3-2: SINGLE (Groundball, 6MD, EV 101.3 MPH)
|
|
Batting: SHB Gilbert Souza
|
0-0: SINGLE (Groundball, 34D, EV 107.5 MPH) Thomas Merkle to second Runner from 2nd tries for 3rd, SAFE, no throw by RF
|
|
Pinch Hitting: RHB Galen Cisco
|
0-0: Ball 1-0: SINGLE (Groundball, 56D, EV 95.0 MPH) Thomas Merkle scores
|
| Bottom of the 9th over - 2 runs, 4 hits, 0 errors, 0 left on base; Niagara Falls 5 - Newark 6 |
|